 Dungeon Crawl Stone Soup version bcrawl-1.21.2-1-g32d02e0829 (webtiles) character file.

Game seed: 17251807936220586173

912 Mrkan the Chopper (level 7, -1/55 HPs)
             Began as a Demonspawn Gladiator on Feb 19, 2020.
             Was a Believer of Uskayaw.
             Slain by a fire elemental (9 damage)
             ... summoned by a deep elf mage
             ... on level 6 of the Dungeon.
             The game lasted 00:07:38 (5943 turns).

Mrkan the Chopper (Demonspawn Gladiator)            Turns: 5943, Time: 00:07:38

Health: -1/55      AC: 10    Str: 16    XL:     7   Next: 82%
Magic:  9/9        EV:  8    Int:  9    God:    Uskayaw [**....]
Gold:   557        SH:  0    Dex: 15    Spells: 6/6 levels left

rFire    . . .     SeeInvis .   a - +0 war axe
rCold    . . .     Gourm    .   (no shield)
rNeg     . . .     Faith    .   C - +0 chain mail
rPois    .         Spirit   .   o - +0 helmet (curse)
rElec    .         Reflect  .   u - +0 cloak
rCorr    .         Harm     .   (no gloves)
MR       .....                  (no boots)
Stlth    ..........             (no amulet)
HPRegen  0.18/turn              (no ring)
MPRegen  0.11/turn              (no ring)

@: no status effects
A: claws 1, talons 1, nightstalker 1, rot immunity
a: Stomp, Line Pass, Renounce Religion


You were on level 6 of the Dungeon.
You worshipped Uskayaw.
Uskayaw was noncommittal.
You were not hungry.

You visited 1 branch of the dungeon, and saw 6 of its levels.

You collected 557 gold pieces.

Inventory:

Hand Weapons
 a - a +0 war axe (weapon)
Missiles
 d - 3 throwing nets (quivered) {!f}
Armour
 o - a cursed +0 helmet (worn)
 u - a +0 cloak (worn)
 C - a +0 chain mail (worn)
Jewellery
 x - an uncursed ring of see invisible
 y - an uncursed ring of protection from cold {unknown}
 B - the ring "Omoinyx" {MP+9 Slay+3, unknown}
   (You found it on level 5 of the Dungeon)

   [ring of magical power]

   It affects your accuracy and damage with ranged weapons and melee attacks
   (+3).
   It affects your magic capacity (+9).
Wands
 n - a wand of polymorph (13)
 w - a wand of paralysis (21)
 D - a wand of random effects (9)
Scrolls
 b - a scroll of enchant weapon {unknown}
 c - a scroll of immolation {unknown}
 f - 4 scrolls of teleportation {unknown}
 h - 2 scrolls of fog {unknown}
 i - 3 scrolls of blinking {unknown}
 j - 3 scrolls of identify {unknown}
 k - a scroll of enchant armour {unknown}
 m - 2 scrolls of amnesia {unknown}
 p - 4 scrolls of remove curse {unknown}
 r - a scroll of fear {unknown}
Potions
 g - 8 potions of curing
 l - 2 potions of mutation {unknown}
 q - a potion of invisibility {unknown}
 s - a potion of haste {unknown}
 t - 3 potions of resistance {unknown}
 v - 3 potions of degeneration {unknown}
 z - 2 potions of brilliance {unknown}
 A - 2 potions of heal wounds {unknown}
Comestibles
 e - 14 rations {!d}
 E - a chunk of flesh


   Skills:
 + Level 4.6 Fighting
 * Level 6.1 Axes
 - Level 1.7 Throwing
 + Level 4.6 Dodging
 + Level 3.5 Invocations


You had 6 spell levels left.
You didn't know any spells.
Your spell library contained the following spells:

 Spells                   Type           Power        Failure   Level  Hunger
 Confuse                  Hex            #.......     100%        3    ####...
 Dazzling Spray           Conj/Hex       #.....       100%        3    ####...
 Petrify                  Tmut/Erth      #.......     100%        4    #####..
 Yara's Violent Unravell  Hex/Tmut       #.........   100%        4    #####..
 Metabolic Englaciation   Hex/Ice        #.........   100%        5    ######.
 Mana Rupture             Conj/Hex       #.........   100%        7    #######


Dungeon Overview and Level Annotations

Branches:
Dungeon (6/12)
 Temple: D:4-7

Altars:
Fedhas
Sif Muna
Uskayaw
Wu Jian

Shops:
D:5 (

Annotations:
D:4 2 runed translucent doors, magaron's ghost, amateur HOFi


Innate Abilities, Weirdness & Mutations

You have sharp fingernails.
You have sharp toenails.
You are slightly more attuned to the shadows.
You are immune to rotting.


Message History

The deep elf mage mumbles some strange words.
You hit the deep elf mage. Your kick misses the deep elf mage.
The deep elf mage is moderately wounded.
You closely miss the fire elemental.
The deep elf mage casts a spell.
The fire elemental closely misses you.
You can now pass through a line of other dancers.
You hit the deep elf mage. You claw the deep elf mage.
The deep elf mage is heavily wounded.
You slash the fire elemental! You hit the fire elemental.
The fire elemental hits you. The fire elemental burns you!
The deep elf mage hits you with a +0 long sword.
The fire elemental hits you. The fire elemental burns you!
The fire elemental hits you. The fire elemental burns you!
* * * LOW HITPOINT WARNING * * *
You slash the deep elf mage! Your kick misses the deep elf mage.
The deep elf mage is almost dead.
You hit the fire elemental. You slash the fire elemental!
The fire elemental hits you. The fire elemental burns you!
You die...

.### ##... ##..##
..>.##...### ##..#
..........# #..## #.
.......##.# ##..#
#..#####...##.# #..##
#....)........# ##..#
#.#..8...8..#.# #..##
#..#.E.#..#.# #...#
#..#.@.#..#.# ##...
#..#.eE#..#.#### ##...
#..#.E.#..#....###)...
#..#..°#..#......))...
#'''# #.#.........
'8..' #.##........
'...' #...........
#...........
#...##......


You could see a deep elf mage and 3 fire elementals.

Vanquished Creatures
  Sigmund (D:2)
  An ice beast (D:6)
  A centaur (D:4)
  A howler monkey (D:5)
  A centaur zombie (D:6)
  A hound (D:6)
  Crazy Yiuf (D:2)
  4 orc wizards
  An iguana (D:5)
  Terence (D:2)
  3 worker ants
  6 gnolls
  4 adders
  2 shadow imps (D:5)
  An adder skeleton (D:6)
  2 worms
  2 dart slugs
  6 leopard geckos
  6 orcs
  3 giant cockroaches
  5 goblins
  11 hobgoblins
  14 jackals
  6 quokkas
  6 bats
  2 frilled lizards (D:1)
  7 kobolds
  A quokka skeleton (D:5)
  A quokka zombie (D:6)
  7 rats
  2 fungi (D:2)
  A plant (D:3)
111 creatures vanquished.

Vanquished Creatures (others)
  5 toadstools (D:1)
5 creatures vanquished.

Grand Total: 116 creatures vanquished

Notes
Turn   | Place    | Note
-------+----------+-------------------------------------------
     0 | D:1      | Mrkan the Demonspawn Gladiator began the quest for the Orb.
     0 | D:1      | Reached XP level 1. HP: 16/16 MP: 1/1
   251 | D:1      | Reached skill level 3 in Axes
   265 | D:1      | Gained mutation: You are immune to rotting. [demonic
                  | ancestry]
   265 | D:1      | Reached XP level 2. HP: 20/22 MP: 2/2
   931 | D:2      | Noticed Sigmund
  1168 | D:2      | Gained mutation: You have sharp fingernails. [demonic
                  | ancestry]
  1168 | D:2      | Reached XP level 3. HP: 11/28 MP: 3/3
  1466 | D:2      | Killed Sigmund
  1466 | D:2      | Reached skill level 4 in Axes
  1466 | D:2      | Reached XP level 4. HP: 33/35 MP: 4/4
  1466 | D:2      | Reached XP level 5. HP: 38/41 MP: 5/5
  1494 | D:2      | Noticed Terence
  1502 | D:2      | Killed Terence
  2081 | D:2      | Gained mutation: You have sharp toenails. [demonic
                  | ancestry]
  2081 | D:2      | Reached XP level 6. HP: 47/47 MP: 6/6
  2103 | D:2      | Found a hide-covered altar of Uskayaw.
  2117 | D:2      | Became a worshipper of Uskayaw the Reveler
  2261 | D:2      | Found an ornate altar of the Wu Jian Council.
  2270 | D:2      | Reached * piety under Uskayaw
  2488 | D:2      | Found a runed door.
  2492 | D:2      | Noticed Crazy Yiuf
  2495 | D:2      | Killed Crazy Yiuf
  2495 | D:2      | Reached ** piety under Uskayaw
  2750 | D:3      | Reached skill level 1 in Invocations
  2856 | D:3      | Reached skill level 5 in Axes
  3882 | D:4      | Found a blossoming altar of Fedhas.
  4261 | D:4      | Found a large runed translucent door.
  4262 | D:4      | Found a large runed translucent door.
  4264 | D:4      | Noticed magaron's ghost (amateur HOFi)
  4304 | D:4      | Gained mutation: You are slightly more attuned to the
                  | shadows. [demonic ancestry]
  4304 | D:4      | Reached XP level 7. HP: 48/54 MP: 8/8
  4316 | D:4      | Reached *** piety under Uskayaw
  4786 | D:5      | Entered Level 5 of the Dungeon
  4822 | D:5      | Got a glittering marble ring
  4872 | D:5      | Found Butin's Antique Weapon Shoppe.
  5506 | D:5      | Found a shimmering blue altar of Sif Muna.
  5837 | D:6      | Reached skill level 6 in Axes
  5934 | D:6      | Noticed a deep elf mage
  5941 | D:6      | Noticed a fire elemental
  5942 | D:6      | Noticed a fire elemental
  5942 | D:6      | Noticed a fire elemental
  5943 | D:6      | Slain by a fire elemental

Skill      XL: |  1  2  3  4  5  6  7 |
---------------+----------------------+-----
Axes           | 3 4 5 6 |  6.1
Dodging        | 3 4 |  4.6
Fighting       | 3 4 |  4.6
Invocations    | 2 3 |  3.5
Throwing       | |  1.7

Action                   |  1- 3 |  4- 6 |  7- 9 || total
-------------------------+-------+-------+-------++-------
Melee: War axe           |    78 |   186 |    99 ||   363
       Unarmed           |     3 |       |       ||     3
       Kick              |       |    61 |    23 ||    84
  Use: Potion            |       |     1 |       ||     1
 Stab: Sleeping          |     1 |     1 |       ||     2
       Paralysed         |       |       |     8 ||     8
  Eat: Chunk             |     2 |     9 |     5 ||    16
Armor: Leather armour    |    31 |    29 |    11 ||    71
       Chain mail        |       |       |    40 ||    40
Dodge: Dodged            |    79 |   135 |    59 ||   273
